 Dungeon Crawl Stone Soup version 0.30.1-11-g7821555f0a (webtiles) character file.

Game seed: 1557058317903900920

18309 Cheops the Nimble (level 12, -7/63 (66) HPs)
             Began as an Octopode Earth Elementalist on Dec 2, 2023.
             Was a Priest of Sif Muna.
             Mangled by an eight-headed hydra (8 damage)
             ... on level 2 of the Lair of Beasts.
             The game lasted 01:09:17 (27289 turns).

Cheops the Nimble (Octopode Earth Elementalist)    Turns: 27289, Time: 01:09:18

HP:   -7/63 (66)    AC:  1    Str: 13    XL:     12   Next: 57%
MP:   9/22          EV: 16    Int: 20    God:    Sif Muna [***...]
Gold: 862           SH:  7    Dex: 15    Spells: 1/25 levels left

rFire   . . .        a - staff of earth {!a}
rCold   + . .        k - +2 buckler
rNeg    + . .        (helmet restricted)
rPois   .            (no amulet)
rElec   .            q - ring of protection from cold
rCorr   .            x - ring of positive energy
SInv    .            D - +6 ring of strength
Will    .....        (no ring)
Stlth   ++++         (no ring)
HPRegen 0.30/turn    (no ring)
MPRegen 0.18/turn    (no ring)
                     (no ring)

%: no passive effects
@: lightly drained
A: almost no armour, amphibious, 8 rings, camouflage 1, gelatinous body 1,
(nimble swimmer 1), tentacles
a: Renounce Religion, Channel Magic, Forget Spell


You were on level 2 of the Lair of Beasts.
You worshipped Sif Muna.
Sif Muna was most pleased with you.
You visited 3 branches of the dungeon, and saw 14 of its levels.
You also visited: Ossuary.

You collected 862 gold pieces.

Inventory:

Hand Weapons
 A - a +3 dagger
 C - a +4 quarterstaff of chaos
 H - a +1 falchion of protection
 L - the +4 quarterstaff of Fortitude {drain, Fragile rF++ rN+ Int+3}
   (You took it off a centaur on level 2 of the Lair of Beasts)

   Int:       It affects your intelligence (+3).
   rF:        It greatly protects you from fire.
   rN:        It protects you from negative energy.
   Fragile:   It will be destroyed if unequipped.
Missiles
 v - 4 throwing nets
Armour
 k - a +2 buckler (worn)
Magical Staves
 a - a staff of earth (weapon) {!a}
 b - a staff of poison
Jewellery
 l - a ring of ice
 q - a ring of protection from cold (left tentacle)
 x - a ring of positive energy (right tentacle)
 D - a +6 ring of strength (on tentacle)
Wands
 j - a wand of polymorph (2)
 z - a wand of charming (6)
 F - a wand of roots (7)
 I - a wand of digging (7)
 J - a wand of mindburst (7)
Scrolls
 e - a scroll of amnesia
 h - a scroll of teleportation
 u - 2 scrolls of magic mapping
 w - 2 scrolls of fear
 y - 4 scrolls of enchant weapon
 E - a scroll of immolation
Potions
 c - 3 potions of haste
 d - 5 potions of heal wounds
 f - 4 potions of ambrosia {unknown}
 g - 3 potions of invisibility {unknown}
 i - 2 potions of magic
 m - 2 potions of flight {unknown}
 n - 2 potions of berserk rage {unknown}
 o - 4 potions of attraction
 p - 3 potions of lignification {unknown}
 r - 4 potions of mutation
 s - 4 potions of curing
 t - 2 potions of degeneration
 B - a potion of might
 K - a potion of brilliance
Miscellaneous
 G - a phial of floods


   Skills:
 - Level 6.0 Staves
 - Level 8.1 Dodging
 - Level 6.6 Stealth
 - Level 4.0 Shields
 - Level 7.0 Spellcasting
 - Level 7.5 Conjurations
 - Level 5.0 Summonings
 - Level 1.0 Transmutations
 - Level 5.0 Ice Magic
 - Level 5.0 Air Magic
 + Level 7.3 Earth Magic
 - Level 5.0 Poison Magic
 - Level 6.0 Evocations


You had one spell level left.
You knew the following spells:

 Your Spells              Type           Power      Damage    Failure   Level
a - Sandblast             Erth           100%       2d20      1%          1
b - Stone Arrow           Conj/Erth      100%       3d13      1%          3
m - Mephitic Cloud        Conj/Pois/Air  30%        N/A       3%          3
v - Poisonous Vapours     Pois/Air       54%        N/A       2%          2
A - Ozocubu's Armour      Ice            27%        N/A       4%          3
C - Call Canine Familiar  Summ           27%        N/A       4%          3
L - Summon Lightning Spi  Summ/Air       27%        N/A       16%         4
P - Passwall              Tmut/Erth      29%        N/A       3%          2
S - Swiftness             Air            27%        N/A       4%          3

Your spell library contained the following spells:

 Spells                   Type           Power      Damage    Failure   Level
 Magic Dart               Conj           100%       1d8       1%          1
 Shock                    Conj/Air       100%       1d9       1%          1
 Call Imp                 Summ           54%        N/A       2%          2
 Airstrike                Air            13%        2d(2-18)  16%         4
 Petrify                  Tmut/Erth      35%        N/A       22%         4
 Leda's Liquefaction      Hex/Erth       16%        N/A       28%         4
 Freezing Cloud           Conj/Ice/Air   15%        6-21      30%         5
 Gell's Gravitas          Tloc           7%         N/A       36%         3
 Portal Projectile        Hex/Tloc       14%        N/A       36%         3
 Teleport Other           Tloc           7%         N/A       36%         3
 Borgnjor's Vile Clutch   Necr/Erth      16%        N/A       61%         5
 Animate Dead             Necr           7%         N/A       77%         4
 Metabolic Englaciation   Hex/Ice        8%         N/A       77%         5
 Silence                  Hex/Air        8%         N/A       77%         5
 Summon Forest            Summ/Tloc      8%         N/A       77%         5
 Eringya's Noxious Bog    Tmut/Pois      9%         N/A       99%         6
 Death Channel            Necr           3%         N/A       100%        6
 Dispersal                Tloc           3%         N/A       100%        6
 Simulacrum               Ice/Necr       8%         N/A       100%        6
 Summon Hydra             Summ           13%        N/A       100%        7
 Shatter                  Erth           26%        3d22*     100%        9


Dungeon Overview and Level Annotations

Branches:
Dungeon (11/15)            Temple (1/1) D:6            Lair (2/5) D:9
    Orc (0/2) D:11        Ossuary (visited)
  Swamp: Lair:2-3    Shoals: Lair:2-3     Snake: Lair:2-3    Spider: Lair:2-3

Altars:
Ashenzari
Cheibriados
Dithmenos
Elyvilon
Fedhas
Gozag
Hepliaklqana
Kikubaaqudgha
Makhleb
Nemelex Xobeh
Okawaru
Qazlal
Ru
Sif Muna
Trog
Uskayaw
Vehumet
Wu Jian
Xom
Yredelemnul
Zin
The Shining One

Shops:
D:3 (   D:8 (

Annotations:
D:11 !skeletal warrior


Innate Abilities, Weirdness & Mutations

You cannot wear most types of armour.
You are amphibious.
You can wear up to eight rings at the same time.
Your skin changes colour to match your surroundings (Stealth+).
Your rubbery body absorbs attacks. (AC +1, EV +1)
((You are camouflaged when in or above water. (Stealth+)))
You have tentacles for arms and can constrict up to eight enemies at once.


Message History

You feel sick.
You feel sick.
You feel sick.
You feel sick.
You feel sick.
You are no longer poisoned.
An eight-headed hydra comes into view.
Casting: Sandblast (safe; 1% risk of failure)
Confirm with . or Enter, or press ? or * to list all spells.
You can't see any susceptible monsters within range! (Use Z to cast anyway.)
Casting: Sandblast (safe; 1% risk of failure)
Confirm with . or Enter, or press ? or * to list all spells.
An electric hum fills the air.
Casting: Summon Lightning Spire (dangerous; 16% risk of failure)
Confirm with . or Enter, or press ? or * to list all spells.
Aiming: Stone Arrow (safe; 1% risk of failure)
Press: ? - help, Shift-Dir - straight line, f - eight-headed hydra
Aim: an eight-headed hydra (ally target, 92% to hit)
You feel a surge of power!
The stone arrow hits the eight-headed hydra!!
The eight-headed hydra is moderately wounded.
Casting: Stone Arrow (safe; 1% risk of failure)
Confirm with . or Enter, or press ? or * to list all spells.
Aiming: Stone Arrow (safe; 1% risk of failure)
Press: ? - help, Shift-Dir - straight line, f/p - eight-headed hydra
Aim: an eight-headed hydra (moderately wounded, ally target, 92% to hit)
You feel a surge of power!
The stone arrow hits the eight-headed hydra!!!
The eight-headed hydra is almost dead.
The eight-headed hydra misses you. The eight-headed hydra bites you!
* * * LOW HITPOINT WARNING * * *
You block the eight-headed hydra's attack.
The eight-headed hydra bites you!
* * * LOW HITPOINT WARNING * * *
The eight-headed hydra bites you!
* * * LOW HITPOINT WARNING * * *
The eight-headed hydra bites you!
* * * LOW HITPOINT WARNING * * *
The eight-headed hydra bites you!
You die...

...................
P.....................
........P................
.........................
.......................?...
..............###.PP#......
P.............#.#.###......
.P.....(......##...##.....#
.P.^......@...##...##......
.......##..D..##...+......#
#.....#..8...#.....#......
#......#.....#............
#.....##......######......
+..... #.....###.#.#.....#
..###.. #..................
## P ###
#.................. ..
...........†.......


You could see an eight-headed hydra (ally target) and a friendly lightning spire
(summoned).

Vanquished Creatures
  A hydra (D:8)
  A catoblepas (D:11)
  2 two-headed ogres
  A boulder beetle (D:10)
  Sonja (Lair:1)
  2 deep elf pyromancers
  A cyclops (D:8)
  Maggie (D:7)
  An unseen horror (D:11)
  A black mamba (Lair:2)
  A komodo dragon (Lair:1)
  3 trolls
  A hornet (D:8)
  2 blink frogs (Lair:1)
  A slime creature (D:8)
  Sigmund (D:6)
  12 yaks
  2 wraiths
  3 wyverns
  2 basilisks (D:9)
  A steam dragon (D:6)
  Edmund (D:6)
  An acid dragon (D:11)
  6 water moccasins
  7 orc warriors
  2 ice beasts
  3 ogres
  4 black bears
  6 wolves
  16 centaurs
  A kobold brigand (D:8)
  2 phantoms
  4 scorpions
  5 bullfrogs
  3 water moccasin zombies (Ossuary)
  16 wights
  8 killer bees
  7 howler monkeys
  5 hounds
  Crazy Yiuf (D:2)
  10 orc priests
  A gnoll bouda (D:9)
  2 jellies (D:6)
  3 sleepcaps
  3 iguanas
  12 orc wizards
  A statue (D:8)
  2 mummies (Ossuary)
  3 adders
  10 gnolls
  A shadow imp (D:8)
  4 white imps
  4 adder zombies (Ossuary)
  6 worms
  2 dart slugs
  37 orcs
  9 endoplasms
  2 giant cockroaches
  6 gnoll zombies (Ossuary)
  6 goblins
  6 hobgoblins
  4 jackals (D:1)
  3 quokkas
  7 ball pythons
  3 bats
  4 frilled lizards
  7 hobgoblin zombies (Ossuary)
  12 kobolds
  5 kobold zombies (Ossuary)
  7 orc zombies (Ossuary)
  6 rats
  A spectral orc (D:6)
328 creatures vanquished.

Vanquished Creatures (collateral kills)
  A blink frog (Lair:1)
  An orc wizard (D:9)
2 creatures vanquished.

Vanquished Creatures (others)
  A blink frog (Lair:1)
1 creature vanquished.

Grand Total: 331 creatures vanquished

Notes
Turn   | Place    | Note
-------+----------+-------------------------------------------
     0 | D:1      | Cheops the Octopode Earth Elementalist began the quest for
                  | the Orb.
     0 | D:1      | Reached XP level 1. HP: 11/11 MP: 3/3
    92 | D:1      | Reached XP level 2. HP: 4/17 MP: 0/5
   425 | D:1      | Reached XP level 3. HP: 21/21 MP: 2/6
   429 | D:1      | Learned a level 3 spell: Stone Arrow
   598 | D:1      | You fall into a shaft and drop 1 floor!
  1444 | D:2      | Reached XP level 4. HP: 13/27 MP: 3/7
  1469 | D:2      | Reached skill level 5 in Earth Magic
  1526 | D:2      | Learned a level 2 spell: Poisonous Vapours
  1736 | D:2      | Found a faded altar of an unknown god.
  1838 | D:2      | Reached skill level 1 in Air Magic
  1938 | D:2      | Found a runed translucent door.
  1939 | D:2      | Noticed Crazy Yiuf
  2022 | D:2      | Killed Crazy Yiuf
  2023 | D:2      | Reached skill level 1 in Poison Magic
  2023 | D:2      | Reached XP level 5. HP: 31/31 MP: 5/8
  2255 | D:3      | Found Xepp's Weapon Shop.
  2499 | D:3      | Found a white marble altar of Elyvilon.
  2893 | D:4      | Reached skill level 1 in Conjurations
  3062 | D:4      | Reached XP level 6. HP: 36/36 MP: 7/9
  3106 | D:4      | Found a sand-covered staircase.
  3113 | Ossuary  | Entered an ossuary
  3542 | Ossuary  | Reached XP level 7. HP: 29/41 MP: 3/10
  3948 | D:4      | Found a sacrificial altar of Ru.
  4365 | D:4      | Reached skill level 5 in Conjurations
  4584 | D:4      | Learned a level 3 spell: Mephitic Cloud
  4820 | D:5      | Entered Level 5 of the Dungeon
  5558 | D:5      | Reached XP level 8. HP: 46/46 MP: 7/11
  5722 | D:5      | Noticed a troll
  6658 | D:5      | Killed a troll
  6659 | D:5      | Reached skill level 5 in Poison Magic
  7510 | D:5      | Learned a level 3 spell: Swiftness
  7723 | D:5      | Learned a level 3 spell: Call Canine Familiar
  8150 | D:5      | Reached skill level 5 in Spellcasting
  9038 | D:5      | Reached XP level 9. HP: 51/51 MP: 9/16
  9759 | D:6      | Reached skill level 3 in Dodging
  9848 | D:6      | Reached skill level 4 in Dodging
 10015 | D:6      | Found a staircase to the Ecumenical Temple.
 10015 | D:6      | Noticed Sigmund
 10020 | D:6      | Killed Sigmund
 10027 | Temple   | Entered the Ecumenical Temple
 10131 | Temple   | Became a worshipper of Sif Muna the Loreminder
 10420 | D:6      | Reached skill level 5 in Dodging
 10630 | D:6      | Found a shimmering altar of Xom.
 10630 | D:6      | Noticed Edmund
 10637 | D:6      | Killed Edmund
 10638 | D:6      | Reached skill level 6 in Dodging
 10910 | D:6      | Found a hazy altar of Hepliaklqana.
 11052 | D:6      | Found a basalt altar of Yredelemnul.
 11277 | D:6      | Learned a level 2 spell: Passwall
 12181 | D:2      | Found a faded altar of an unknown god.
 12758 | D:3      | Found Xepp's Weapon Shop.
 12819 | D:3      | Found a white marble altar of Elyvilon.
 12927 | D:4      | Found a sacrificial altar of Ru.
 14649 | D:6      | Found a staircase to the Ecumenical Temple.
 14771 | D:6      | Found a basalt altar of Yredelemnul.
 14882 | D:6      | Found a shimmering altar of Xom.
 14945 | D:6      | Found a hazy altar of Hepliaklqana.
 15204 | D:6      | Reached skill level 7 in Dodging
 15526 | D:7      | Reached skill level 8 in Dodging
 15595 | D:7      | Noticed Maggie
 15605 | D:7      | Killed Maggie
 15606 | D:7      | Reached XP level 10. HP: 14/56 MP: 1/17
 15948 | D:7      | Reached skill level 1 in Shields
 16730 | D:8      | Found Edwiaph's Weapon Shop.
 18333 | D:8      | Noticed a deep elf pyromancer
 18335 | D:8      | Noticed a six-headed hydra
 18364 | D:8      | Killed a deep elf pyromancer
 18366 | D:8      | Found a radiant altar of Vehumet.
 18538 | D:8      | Reached * piety under Sif Muna
 18696 | D:8      | Noticed a cyclops
 18949 | D:8      | Killed a cyclops
 19068 | D:7      | Learned a level 3 spell: Ozocubu's Armour
 19114 | D:8      | Killed a six-headed hydra
 19115 | D:8      | Reached XP level 11. HP: 61/61 MP: 4/20
 19554 | D:8      | Got Sif Muna's Thoughts on Geological Clouds
 19556 | D:8      | Identified the +5 hand axe "Fyobaut" {heavy, rPois Int+5}
 19576 | D:8      | Reached skill level 5 in Ice Magic
 19871 | D:8      | Paralysed by a hornet for 1 turns
 19871 | D:8      | HP: 3/61 [hornet (6)]
 20063 | D:8      | Found Edwiaph's Weapon Shop.
 20087 | D:8      | Reached skill level 1 in Summonings
 20364 | D:8      | Found a radiant altar of Vehumet.
 21422 | D:9      | Noticed a two-headed ogre
 21429 | D:9      | Killed a two-headed ogre
 22031 | D:9      | Learned a level 4 spell: Summon Lightning Spire
 22078 | D:9      | Reached ** piety under Sif Muna
 22195 | D:9      | Found a staircase to the Lair.
 22537 | D:9      | Noticed a moth of wrath
 22540 | D:9      | Found a bloodstained altar of Trog.
 22789 | D:10     | Entered Level 10 of the Dungeon
 22939 | D:10     | Noticed a boulder beetle
 22945 | D:10     | Killed a boulder beetle
 22946 | D:10     | Reached skill level 5 in Summonings
 22946 | D:10     | Reached skill level 5 in Air Magic
 23220 | D:10     | Noticed a two-headed ogre
 23224 | D:10     | Killed a two-headed ogre
 23225 | D:10     | Reached skill level 5 in Stealth
 23376 | D:10     | Noticed a deep elf pyromancer
 23382 | D:10     | Killed a deep elf pyromancer
 23772 | D:11     | Noticed a skeletal warrior
 23772 | D:11     | Found the +4 Cigotuvi's embrace {Corpsefed rMiasma Drain
                  | rN+}
 23947 | D:11     | Reached skill level 1 in Evocations
 24027 | D:11     | Reached skill level 1 in Staves
 24210 | D:11     | Noticed a catoblepas
 24417 | D:11     | Killed a catoblepas
 24418 | D:11     | Reached XP level 12. HP: 66/66 MP: 9/22
 25525 | D:11     | Found a staircase to the Orcish Mines.
 25704 | Lair:1   | Entered Level 1 of the Lair of Beasts
 26044 | Lair:1   | Reached skill level 5 in Evocations
 26045 | Lair:1   | Reached *** piety under Sif Muna
 26444 | Lair:1   | Reached skill level 5 in Staves
 26452 | Lair:1   | Noticed Sonja
 26454 | Lair:1   | Killed Sonja
 26991 | Lair:2   | Identified the +4 quarterstaff of Fortitude {drain, Fragile
                  | rF++ rN+ Int+3}
 27285 | Lair:2   | Noticed an eight-headed hydra
 27289 | Lair:2   | HP: 1/63 [eight-headed hydra (8)]
 27289 | Lair:2   | Mangled by an eight-headed hydra

Illustrated notes

Levels and vault maps discovered:
D:1:      dpeg_arrival_three_smaller_balls, layout_loops_ring, dk_noncrumbling_2
D:2:      layout_basic, hellmonk_ecumenical_altar_inner_sanctum,
          uniq_crazy_yiuf_cottage
D:3:      layout_rooms, mainiacjoe_overflow_concentric_impassable, serial_shops,
          shop_fountains
D:4:      layout_layer_cave, mainiacjoe_overflow_cross_hatched, serial_rivers,
          chequers_serial_rivers_micro_e, chequers_serial_rivers_marsh,
          chequers_serial_rivers_micro_d, chequers_serial_rivers_micro_b,
          chequers_serial_rivers_micro_c, chequers_ossuary_entry_cave
D:5:      minmay_general_purpose_star, layout_basic
D:6:      layout_basic, xom_teletrap_fun, yredelemnul_altar_generic,
          nicolae_hepliaklqana_monster_ancestors,
          minmay_temple_entry_large_hall, amcnicky_mini_corridor_feature,
          uniq_edmund, uniq_sigmund
D:7:      layout_basic, uniq_maggie
D:8:      minmay_the_grid_octo_triangle [minmay_the_grid_octo_tetromino_candy,
          minmay_the_grid_octo_prize_single_spiral,
          minmay_the_grid_octo_fat_diamond], layout_rooms, vehumet_statue,
          serial_shops, nicolae_diamond_shop, centaur_isle
D:9:      layout_loops_corners, tgw_trog, minmay_lair_entry_grove
D:10:     layout_gridville, nzn_sisyphean_effort
D:11:     cheibrodos_elevator_heist, layout_gridville, orc_0_dummy,
          grunt_ministairs_3
Temple:   eino_wide_crystal_templ
Lair:1:   layout_small_grid, uniq_sonja
Lair:2:   layout_regular_city, minmay_shoals_entry_centaurs,
          serial_bayou_pond_b, grunt_forest_small_clearings, fungi_pond_lemuel,
          nicolae_quartered_pool_impasse, lemuel_fruit_tree,
          infiniplex_staircase_pool_2

Skill      XL: |  1  2  3  4  5  6  7  8  9 10 11 12 |
---------------+-------------------------------------+-----
Earth Magic    | 4 5 6 7 |  7.3
Air Magic      | 1 2 4 5 |  5.0
Poison Magic   | 1 3 5 |  5.0
Conjurations   | 1 4 6 7 |  7.5
Spellcasting   | 5 6 7 |  7.0
Dodging        | 8 |  8.1
Shields        | 4 |  4.0
Ice Magic      | 3 5 |  5.0
Summonings     | 5 |  5.0
Stealth        | 6 |  6.6
Evocations     | 3 6 |  6.0
Staves         | 2 6 |  6.0
Transmutations | |  1.0

Action                     |  1- 3 |  4- 6 |  7- 9 | 10-12 || total
---------------------------+-------+-------+-------+-------++-------
  Melee: Unarmed           |     5 |       |       |       ||     5
         Constrict         |     2 |     2 |     2 |     4 ||    10
         Tentacles         |     2 |     1 |       |    11 ||    14
         Quarterstaff      |       |     3 |    16 |     9 ||    28
         Falchion          |       |       |       |    17 ||    17
         Punch             |       |       |       |     1 ||     1
         Staff             |       |       |       |    24 ||    24
   Cast: Sandblast         |    32 |   108 |    98 |    78 ||   316
         Poisonous Vapours |       |     1 |     4 |    72 ||    77
         Stone Arrow       |       |       |    72 |   198 ||   270
         Mephitic Cloud    |       |       |     3 |     5 ||     8
         Ozocubu's Armour  |       |       |       |     6 ||     6
         Call Canine Famil |       |       |       |     4 ||     4
         Passwall          |       |       |       |     2 ||     2
         Swiftness         |       |       |       |     1 ||     1
         Summon Lightning  |       |       |       |     1 ||     1
  Evoke: Wand              |       |       |     2 |     4 ||     6
    Use: Scroll            |       |     9 |     4 |    16 ||    29
         Potion            |       |       |       |     1 ||     1
   Stab: Confused          |       |       |     1 |       ||     1
         Sleeping          |       |       |       |     1 ||     1
 Armour: Skin              |     2 |     1 |     4 |    19 ||    26
  Dodge: Dodged            |     5 |    18 |    63 |   161 ||   247
  Block: Buckler           |       |       |       |    70 ||    70
